 Dungeon Crawl Stone Soup version 0.19-a0-1740-g0bcaf2e (webtiles) character file.

246 Alarkh the Grave Robber (level 5, -2/35 HPs)
             Began as a Mummy Necromancer on Oct 2, 2016.
             Slain by an adder (5 damage)
             ... on level 3 of the Dungeon.
             The game lasted 00:06:48 (4018 turns).

Alarkh the Grave Robber (Mummy Necromancer)         Turns: 4018, Time: 00:06:49

Health: -2/35      AC:  2    Str: 12    XL:     5   Next: 84%
Magic:  3/11       EV: 12    Int: 15    God:
Gold:   167        SH:  0    Dex: 16    Spells: 3 memorised, 4 levels left

rFire  x . .     SeeInvis .     a - +0 long sword
rCold  + . .     Gourm    .     n - +0 robe
rNeg   + + +     Faith    .     (no shield)
rPois  ∞         Spirit   .     (no helmet)
rElec  .         Dismiss  .     (no cloak)
rCorr  .         Reflect  .     (no gloves)
MR     .....     Harm     .     (no boots)
Stlth  ++........               (no amulet)
                                (no ring)
                                j - +4 ring of dexterity

@: no status effects
A: no food or potions, fire vulnerability, cold resistance 1, negative energy
resistance 3, torment resistance, unbreathing
a: no special abilities


You were on level 3 of the Dungeon.
You were not hungry.

You visited 1 branch of the dungeon, and saw 4 of its levels.

You collected 167 gold pieces.

Inventory:

Hand Weapons
 a - a +0 long sword (weapon)
 g - a +0 dagger
Armour
 n - a +0 robe (worn)
Jewellery
 j - a +4 ring of dexterity (left hand)
Scrolls
 c - a scroll of recharging
 d - a scroll of noise
 e - a scroll of identify
 f - a scroll of random uselessness
 h - a scroll of immolation
 k - a scroll of fog {unknown}
 l - a scroll of amnesia {unknown}
 m - a scroll of magic mapping {unknown}
Books
 b - a book of Necromancy

   Spells                             Type                      Level
   a - Pain                           Necromancy                   1
   b - Animate Skeleton               Necromancy                   1
   c - Vampiric Draining              Necromancy                   3
   d - Regeneration                   Charms/Necromancy            3
   e - Animate Dead                   Necromancy                   4
   f - Control Undead                 Necromancy                   4


   Skills:
 - Level 1.5 Dodging
 - Level 1.5 Stealth
 + Level 4.4 Spellcasting
 + Level 5.6 Necromancy


You had 4 spell levels left.
You knew the following spells:

 Your Spells              Type           Power        Failure   Level  Hunger
a - Pain                  Necr           ###.         1%          1    N/A
b - Vampiric Draining     Necr           ###.......   6%          3    N/A
c - Control Undead        Necr           ###.......   21%         4    N/A

Dungeon Overview and Level Annotations

Branches:
Dungeon (4/15)
 Temple: D:4-7

Altars:
Kikubaaqudgha
Vehumet

Annotations:
D:3 Pikel


Innate Abilities, Weirdness & Mutations

You do not eat or drink.
Your flesh is vulnerable to fire.
You are immune to poison.
Your flesh is cold resistant. (rC+)
You are immune to negative energy. (rN+++)
You are immune to unholy pain and torment.
You can survive without breathing.


Message History

Aiming: Vampiric Draining
Press: ? - help, Shift-Dir - straight line, f/p - Pikel
Aim: Pikel, wielding a whip of flaming and wearing a runed robe (severely wounded) Pikel is almost dead.
You feel life coursing into your body. Pikel hits you with a whip of flaming.
* * * LOW HITPOINT WARNING * * *
Pikel burns you.
* * * LOW HITPOINT WARNING * * *
An adder comes into view.
The adder hisses angrily.
The adder bites you.
* * * LOW HITPOINT WARNING * * *
The adder barely misses you. The adder bites you.
* * * LOW HITPOINT WARNING * * *
The adder barely misses you.
You riposte.
You barely miss the adder. The adder bites you.
* * * LOW HITPOINT WARNING * * *
The adder bites you.
You die...

#.#.# ###.<## #.#.# #..# ##
#.#.######..# #. #....)...#..#
#. #..#..##.#..# #.
#.###<.#.#>.#########.
#..#....)#.[..........
##....)%..)[........###
#.###.@.###.#######.# #.#
#.S.)...# #.#
#.###...##..#######.##
#....#K..............#
###########.#.##.####.#####.#..#
#................# #.# #.#..#
#.#########...##.# #.# #.#..##
#.# #...##.# #.# #...... #.#
#...##.# #.## ###....


You could see Pikel and an adder.

Vanquished Creatures
  A slave (D:3)
  Blork the orc (D:4)
  2 orc wizards (D:4)
  2 adders
  2 oozes
  An adder skeleton (D:4)
  A worm (D:3)
  3 leopard geckos
  11 orcs
  11 bats
  2 giant cockroaches (D:1)
  8 goblins
  10 hobgoblins
  5 kobolds
  2 quokkas (D:2)
  2 ball pythons (D:3)
  10 frilled lizards
  6 rats
80 creatures vanquished.

Notes
Turn   | Place    | Note
-------+----------+-------------------------------------------
     0 | D:1      | Alarkh the Mummy Necromancer began the quest for the Orb.
     0 | D:1      | Reached XP level 1. HP: 13/13 MP: 3/3
   279 | D:1      | Reached XP level 2. HP: 10/19 MP: 0/5
   854 | D:1      | Reached XP level 3. HP: 17/24 MP: 4/7
  1074 | D:2      | Found a radiant altar of Vehumet.
  1723 | D:3      | Reached XP level 4. HP: 28/30 MP: 0/8
  1814 | D:3      | Noticed a phantom
  2065 | D:3      | Reached skill level 5 in Necromancy
  2250 | D:4      | Found an ancient bone altar of Kikubaaqudgha.
  2284 | D:4      | Reached XP level 5. HP: 33/35 MP: 3/10
  2321 | D:4      | Noticed Blork the orc
  2395 | D:3      | Learned a level 3 spell: Vampiric Draining
  2401 | D:3      | Learned a level 4 spell: Control Undead
  3391 | D:4      | Killed Blork the orc
  3529 | D:4      | Noticed a slave
  3832 | D:4      | Noticed Pikel
  3835 | D:4      | Noticed a slave
  3836 | D:4      | Noticed a slave
  3844 | D:3      | Killed a slave
  3980 | D:4      | Noticed a slave
  4018 | D:3      | Slain by an adder

Vault maps used:
D:1:      tarquinn_simple_flora_water_d
D:2:      vehumet_crystals
D:3:      hex_tiny
D:4:      kiku_gazebo_pond_becter, first_bread, minmay_crystal_water,
          hangedman_decor_points, minmay_hollow_rounded_squares,
          uniq_blork_the_orc, uniq_pikel

Skill      XL: |  1  2  3  4  5 |
---------------+----------------+-----
Spellcasting   | 3 4 |  4.4
Necromancy     | 5 |  5.6
Dodging        | |  1.5
Stealth        | |  1.5

Action                   |  1- 3 |  4- 6 || total
-------------------------+-------+-------++-------
Melee: Unarmed           |    48 |       ||    48
       Dagger            |    14 |    22 ||    36
       Long sword        |       |    18 ||    18
 Cast: Pain              |    86 |    95 ||   181
       Vampiric Draining |       |     5 ||     5
  Use: Scroll            |     6 |     2 ||     8
 Stab: Sleeping          |     2 |     1 ||     3
Armor: Robe              |    24 |     7 ||    31
Dodge: Dodged            |    68 |    48 ||   116
